Map: Cyber Forest LE

Players

Mez - Winner!

  • Race: Terran Terran
  • Spawn Location: 11:00

MIRADUX

  • Race: Protoss Protoss
  • League: Diamond
  • Spawn Location: 5:00

VOD

Have the link to the VOD?

Description

Time

  • Played on: July 27, 2019, 10:18 p.m.
  • Length: 11:16
Show
View Real Time Build Order
Export as new Build Order

Mez Terran - Winner!

Build Orders: Reaper Expand 

Get SALT Encoding   

  12  0:01  SCV  
  13  0:13  SCV  
  14  0:17  Supply Depot  
  14  0:25  SCV  
  15  0:38  SCV  
  15  0:40  Barracks  
  16  0:46  Refinery  
  16  0:50  SCV  
  17  1:03  SCV  
  18  1:15  SCV  
  19  1:28  Orbital Command  
  19  1:30  Reaper  
  20  1:41  Command Center  
  20  1:55  Barracks  
  20  1:57  SCV  
  21  2:05  Barracks Reactor  
  21  2:11  Supply Depot  
  21  2:13  SCV  
  22  2:22  Barracks  
  22  2:41  SCV  
  23  2:46  Marine x2  
  23  2:48  Barracks Tech Lab  
  25  2:54  SCV  
  25  2:55  Orbital Command  
  26  3:04  Marine x2  
  28  3:06  SCV  
  28  3:07  Combat Shield  
  29  3:12  Barracks Reactor  
  29  3:18  SCV, Marine  
  31  3:21  SCV  
  31  3:24  Marine x2  
  34  3:30  SCV  
  34  3:31  Engineering Bay  
  34  3:33  SCV  
  36  3:34  Supply Depot  
  36  3:36  Marine  
  37  3:42  SCV, Marine x2  
  37  3:45  SCV  
  41  3:50  Marine x2  
  41  3:55  SCV  
  44  3:57  SCV, Supply Depot  
  44  3:59  Marine  
  46  4:04  Marine x2  
  46  4:08  Marine x2  
  46  4:09  SCV  
  52  4:10  SCV  
  52  4:22  SCV x2  
  54  4:24  Marine x2  
  54  4:25  Supply Depot  
  54  4:27  Stimpack  
  54  4:31  Factory  
  56  4:34  Refinery, SCV x2, Marine  
  56  4:35  Refinery, Marine  
  60  4:46  SCV x2  
  56  5:01  Marine x4  
  56  5:02  Marine  
  56  5:03  SCV x2  
  56  5:13  Terran Infantry Weapons Level 1  
  55  5:16  Command Center  
  55  5:18  Starport  
  55  5:19  Marine  
  55  5:21  Factory Reactor  
  56  5:22  SCV  
  56  5:23  SCV, Marine  
  56  5:24  Marine x3  
  56  5:27  Supply Depot  
  62  5:35  SCV x2  
  64  5:41  Barracks  
  64  5:42  Barracks  
  64  5:45  Marine x4, Marauder  
  64  5:49  SCV x2  
  72  5:57  Supply Depot  
  72  6:03  Medivac x2  
  76  6:05  Marine x3  
  78  6:18  SCV x2, Marine x2  
  78  6:21  Armory  
  78  6:22  Engineering Bay  
  82  6:27  Supply Depot x2  
  82  6:36  Barracks Reactor, Barracks Tech Lab  
  82  6:37  Marine x3, Marauder  
  82  6:38  Medivac x2  
  91  6:40  SCV x2  
  93  6:54  Marine  
  93  6:58  SCV x2, Orbital Command  
  93  7:01  Supply Depot  
  96  7:02  Marauder x2, Supply Depot  
  96  7:03  Concussive Shells  
  96  7:05  Marine  
  96  7:06  Marine x2  
  103  7:12  Marine, Supply Depot  
  103  7:13  Supply Depot  
  102  7:26  Marine x5, Marauder x2  
  111  7:30  Marine  
  111  7:32  Terran Infantry Weapons Level 2  
  111  7:36  Terran Infantry Armor Level 1  
  112  7:41  SCV  
  112  7:42  SCV x2  
  115  7:48  Marauder  
  113  7:53  SCV  
  113  7:54  SCV  
  113  7:58  SCV, Supply Depot  
  112  7:59  Supply Depot  
  112  8:04  Command Center  
  112  8:06  SCV x2  
  112  8:08  Marauder  
  116  8:15  Marine  
  116  8:16  Marine x5, Marauder  
  124  8:27  Barracks  
  124  8:28  Barracks  
  124  8:29  Marauder  
  124  8:31  Barracks  
  124  8:33  Marine  
  127  8:34  Medivac x2  
  127  8:37  Marauder  
  127  8:39  Marine x2  
  127  8:40  Marine x3  
  135  8:51  Marauder  
  127  8:59  Marine x3, Marauder  
  132  9:04  Medivac x2  
  132  9:08  Marine x2  
  123  9:12  Marauder  
  121  9:21  Marine, Marauder  
  119  9:31  Barracks Tech Lab  
  119  9:32  Barracks Tech Lab x2  
  119  9:33  Marine x5, Marauder  
  119  9:34  Medivac  
  128  9:39  Marine  
  128  9:41  Marine  
  130  9:50  Marauder x2  
  134  9:56  Supply Depot  
  134  9:57  Medivac  
  134  9:58  Supply Depot  
  136  10:02  Command Center  
  136  10:09  Marine x4, Marauder x2  
  136  10:10  Marine x2, Marauder  
  136  10:11  Marine, Medivac  
  151  10:22  Barracks x2  
  151  10:23  Barracks  
  151  10:26  Medivac  
  153  10:35  Marine x4, Marauder x5  
Show
View Real Time Build Order
Export as new Build Order

MIRADUX Protoss 

Build Orders: 1 Gate Expand 

Get SALT Encoding   

  12  0:05  Probe  
  13  0:14  Probe, Pylon  
  14  0:22  Probe  
  15  0:32  Probe  
  16  0:39  Gateway  
  16  0:44  Probe  
  16  0:48  Assimilator  
  17  0:55  Probe  
  18  1:03  Probe  
  19  1:11  Probe  
  20  1:27  Nexus  
  20  1:34  Cybernetics Core  
  20  1:40  Assimilator  
  20  1:45  Probe  
  21  1:56  Gateway  
  21  1:57  Probe  
  22  2:02  Pylon  
  22  2:08  Warp Gate  
  22  2:09  Probe  
  23  2:17  Probe  
  23  2:20  Stalker  
  26  2:25  Probe  
  27  2:35  Probe  
  27  2:47  Probe x2  
  28  2:53  Stalker  
  28  2:55  Probe  
  29  2:59  Probe  
  29  3:03  Stalker, Probe  
  33  3:11  Probe  
  35  3:16  Probe  
  36  3:23  Probe  
  36  3:24  Stalker  
  39  3:28  Probe  
  39  3:31  Stalker  
  40  3:35  Probe  
  40  3:40  Probe  
  44  3:43  Pylon  
  44  3:48  Probe  
  45  3:52  Probe  
  46  4:01  Probe  
  49  4:04  Probe, Pylon  
  50  4:10  Robotics Facility  
  50  4:14  Stalker  
  50  4:18  Stalker  
  50  4:20  Probe x2  
  54  4:32  Probe x2  
  54  4:34  Nexus  
  54  4:37  Robotics Facility  
  56  4:45  Shield Battery  
  49  5:05  Probe x2  
  49  5:17  Probe x2  
  51  5:21  Robotics Bay  
  51  5:27  Stalker, Forge  
  51  5:28  Stalker  
  55  5:30  Forge  
  55  5:31  Probe x2  
  57  5:38  Pylon  
  57  5:40  Pylon  
  57  5:43  Probe x2  
  57  5:47  Probe  
  60  5:55  Probe x2  
  62  5:59  Probe  
  62  6:03  Assimilator  
  63  6:05  Assimilator  
  63  6:07  Probe x2  
  63  6:08  Colossus x2  
  63  6:11  Extended Thermal Lance, Probe  
  78  6:19  Probe x2  
  78  6:23  Probe  
  81  6:31  Protoss Ground Armor Level 1, Probe x2, Protoss Ground Weapons Level 1  
  83  6:35  Probe  
  83  6:37  Pylon  
  84  6:40  Pylon  
  84  6:42  Pylon  
  84  6:43  Probe x2  
  86  6:47  Probe  
  87  6:55  Probe  
  88  7:01  Colossus  
  88  7:05  Assimilator  
  88  7:06  Assimilator, Probe x2  
  88  7:07  Probe  
  97  7:10  Pylon  
  97  7:11  Pylon  
  97  7:12  Pylon  
  97  7:15  Colossus  
  97  7:18  Probe x2  
  97  7:19  Probe  
  93  7:27  Stalker x2  
  79  7:43  Gateway x2  
  77  8:05  Stalker x2  
  81  8:07  Nexus  
  81  8:10  Colossus  
  87  8:32  Stalker  
  87  8:33  Stalker  
  91  8:39  Stalker x2  
  48  9:32  Pylon x2  
  48  9:36  Probe x2  
  47  9:44  Probe  
  48  9:48  Probe x2  
  48  9:51  Pylon  
  50  9:55  Stalker  
  50  9:56  Probe  
  50  9:59  Gateway  
  53  10:00  Probe, Gateway  
  53  10:01  Probe  
  53  10:02  Gateway  
  53  10:05  Gateway  
  55  10:08  Probe  
  55  10:09  Stalker x2  
  55  10:13  Probe x2  
  62  10:29  Stalker  
  62  10:31  Gateway  
  62  10:32  Gateway  
  58  10:45  Stalker x2  
  48  10:51  Probe x2  
  42  11:03  Stalker x2, Probe x2  
  42  11:04  Stalker x3  
Tags
 
Add a new tag
Caveats
  • Supply blocks, unpowered buildings, or Contaminate may cause inaccurate times.
  • Supply counts are checked every 10 seconds.